 Dungeon Crawl Stone Soup version 0.19-a0-1697-g0595f0e (webtiles) character file.

110789 Saways the Fencer (level 16, -3/133 HPs)
             Began as a Mummy Fighter on Sept 26, 2016.
             Was a High Priest of Lugonu.
             Slain by a starcursed mass (9 damage)
             ... summoned by Lugonu's corruption
             ... on level 1 of the Snake Pit.
             The game lasted 01:15:45 (90136 turns).

Saways the Fencer (Mummy Fighter)                  Turns: 90136, Time: 01:15:46

Health: -3/133     AC: 30    Str: 21    XL:     16   Next: 8%
Magic:  22/28      EV: 16    Int:  5    God:    Lugonu [*****.]
Gold:   1224       SH:  8    Dex: 17    Spells: 0 memorised, 15 levels left

rFire  + + .     SeeInvis .     Q - +3 demon blade (elec)
rCold  + . .     Gourm    .     R - +6 scale mail of the Commoners {rPois rF+ MP+9 Int-3}
rNeg   + + +     Faith    .     l - +3 buckler
rPois  ∞         Spirit   .     M - +2 hat {MR+}
rElec  +         Dismiss  .     A - +2 cloak {+Inv}
rCorr  .         Reflect  .     b - +0 pair of gloves of Rotation {-Cast rPois Dex-5 Slay+5}
MR     +++..     Harm     .     O - +2 pair of boots
Stlth  .......... NoCast   +    e - amulet of regeneration
                                s - ring of the Ant {*Contam rF+ rC- AC+4 Dex+6}
                                h - ring "Hevae" {rElec rF+ rC+}

@: very slightly contaminated
A: no food or potions, fire vulnerability, cold resistance 1, negative energy
resistance 3, torment resistance, unbreathing, in touch with death 1
a: Depart the Abyss, Bend Space, Banish, Corrupt, Enter the Abyss, Renounce
Religion, Evoke Invisibility


You were on level 1 of the Snake Pit.
You worshipped Lugonu.
Lugonu was extremely pleased with you.
You were not hungry.

You visited 5 branches of the dungeon, and saw 25 of its levels.
You visited the Abyss 1 time.
You also visited: Labyrinth.

You collected 4321 gold pieces.
You spent 3097 gold pieces at shops.

Inventory:

Hand Weapons
 Q - a +3 demon blade of electrocution (weapon)
Armour
 b - the +0 pair of gloves of Rotation (worn) {-Cast rPois Dex-5 Slay+5}
   (You found it on level 14 of the Dungeon)

   It affects your dexterity (-5).
   It affects your accuracy and damage with ranged weapons and melee attacks
   (+5).
   It protects you from poison.
   It prevents spellcasting.
 d - a +0 fire dragon armour
 l - a +3 buckler (worn)
 n - a +1 chain mail of fire resistance
 A - a +2 cloak of invisibility (worn)
 M - a +2 hat of magic resistance (worn)
 O - a +2 pair of boots (worn)
 R - the +6 scale mail of the Commoners (worn) {rPois rF+ MP+9 Int-3}
   (You bought it in a shop on level 2 of the Orcish Mines)

   It affects your intelligence (-3).
   It protects you from fire.
   It protects you from poison.
   It affects your magic capacity (+9).
 Y - a +1 shield of cold resistance
Jewellery
 a - a +4 ring of intelligence
 e - an amulet of regeneration (around neck)
 h - the ring "Hevae" (left hand) {rElec rF+ rC+}
   (You bought it in a shop on level 4 of the Dungeon)

   [ring of protection from cold]

   It protects you from fire.
   It protects you from cold.
   It insulates you from electricity.
 s - the ring of the Ant (right hand) {*Contam rF+ rC- AC+4 Dex+6}
   (You bought it in a shop on level 4 of the Dungeon)

   [ring of protection]

   It affects your AC (+4).
   It affects your dexterity (+6).
   It protects you from fire.
   It makes you vulnerable to cold.
   It causes magical contamination when unequipped.
 D - an uncursed ring of protection from magic
Wands
 i - a wand of disintegration (3/24)
 y - a wand of paralysis (13/24)
 F - a wand of digging (4/24)
Scrolls
 c - a scroll of blinking
 f - 2 scrolls of noise
 g - a scroll of immolation
 j - 2 scrolls of fear
 r - a scroll of fog
 t - 4 scrolls of recharging
 w - 14 scrolls of identify
 x - 2 scrolls of teleportation
 G - 4 scrolls of silence
 K - 3 scrolls of amnesia
 S - 7 scrolls of remove curse
 T - 2 scrolls of vulnerability
 W - a scroll of brand weapon
 Z - a scroll of magic mapping
Miscellaneous
 C - a fan of gales
 H - a lamp of fire


   Skills:
 + Level 14.2 Fighting
 + Level 15.3 Long Blades
 + Level 11.1 Armour
 + Level 8.7 Dodging
 - Level 4.1 Shields
 * Level 5.2 Invocations
 - Level 2.3 Evocations


You had 15 spell levels left.
You didn't know any spells.

Dungeon Overview and Level Annotations

Branches:
Dungeon (15/15)            Temple (1/1) D:4            Lair (6/6) D:8
  Swamp (0/4) Lair:2        Snake (1/4) Lair:4        Slime (0/5) Lair:6
    Orc (2/2) D:9             Elf (0/3) Orc:2        Vaults (0/5) D:13
 Depths (0/5) D:15

Altars:
Ashenzari
Cheibriados
Dithmenos
Elyvilon
Fedhas
Gozag
Kikubaaqudgha
Makhleb
Nemelex Xobeh
Okawaru
Qazlal
Ru
Sif Muna
Trog
Uskayaw
Vehumet
Xom
Zin
The Shining One
Beogh

Shops:
D:4 =   D:5 ?   Orc:2 [(*!

Annotations:
D:14 corrupted
Snake:1 corrupted


Innate Abilities, Weirdness & Mutations

You do not eat or drink.
Your flesh is vulnerable to fire.
You are immune to poison.
Your flesh is cold resistant. (rC+)
You are immune to negative energy. (rN+++)
You are immune to unholy pain and torment.
You can survive without breathing.
You are in touch with the powers of death.


Message History

Something barely misses the naga ritualist.
Something bites the neqoxec!!
The neqoxec dies!
The insubstantial wisp blinks!
Unknown command.
The vampire mosquito bites you.
* * * LOW HITPOINT WARNING * * *
The anaconda bites the insubstantial wisp but does no damage.
The orange demon completely misses you.
The orange demon hits you but does no damage.
The ynoxinul gestures.
The ynoxinul gestures at the black mamba.
The iron shot hits the black mamba.
The bone dragon bites the anaconda but does no damage.
The bone dragon claws the anaconda!
The bone dragon tramples the anaconda!
The anaconda holds its ground!
The worldbinder calls forth creatures from the Swamp!
A starcursed mass splits.
The starcursed mass engulfs you!
You die...
Xom chortles!

.3..w..##
##3.wX....##
##.S#x.45....#
#X#SS44.#.....#
#.SN#..........
####S###K........
##4GDv#33......##.
#x3xxXx##.......#
#x534@X##.......#
###X#5#y###.......
###..X53 #.#
#......
####....##5 .#
##.......### .
##.......## #...
#>....#### #..###
##..#### ##..#
#..## ##..#


You could see 3 anacondas, a naga ritualist, a black mamba, a neutral bone
dragon, 5 neutral starcursed masses, a neutral glowing orange brain, a neutral
orange demon, a neutral hellwing, a neutral worldbinder, a neutral kobold
demonologist, a neutral smoke demon, 5 neutral ynoxinuls, a neutral vampire
mosquito, 4 neutral small abominations, a neutral insubstantial wisp, a neutral
iron imp, a neutral quasit and 2 neutral ufetubi.

Vanquished Creatures
  Rupert (D:12)
  A sphinx (shapeshifter) (D:13)
  2 tengu reavers (D:14)
  A storm dragon (D:14)
  Donald (D:9)
  A greater naga (Snake:1)
  2 fire giants
  An ettin (D:15)
  A minotaur (Lab)
  2 fire dragons (Lair:6)
  Erolcha (Orc:2)
  A yaktaur captain (D:13)
  A rakshasa (D:14)
  A naga warrior (Snake:1)
  3 hydras
  4 centaur warriors
  An anaconda (Snake:1)
  An ogre mage (D:14)
  4 death yaks (Lair:6)
  A deep troll earth mage (D:14)
  A tengu warrior (D:15)
  2 shock serpents (Snake:1)
  A deep elf knight (D:15)
  3 unseen horrors
  A wretched star (Abyss:2)
  The ghost of kae the Carver, a novice FoFi (D:6)
  A flayed ghost (D:14)
  3 lindwurms
  5 hill giants
  3 deep elf magi
  A necromancer (Lair:3)
  10 ugly things
  A mana viper (Snake:1)
  An oklob plant (Lair:4)
  A wolf spider (D:2)
  4 cyclopes
  An orc sorcerer (Orc:2)
  A salamander (Snake:1)
  A centaur zombie (D:12)
  A guardian serpent (shapeshifter) (D:14)
  4 manticores
  Psyche (D:10)
  A naga mage (Snake:1)
  11 black mambas
  7 torpor snails (Lair:6)
  A gargoyle (D:11)
  10 spiny frogs
  3 yaktaurs
  3 rime drakes
  6 komodo dragons
  A kobold demonologist (D:15)
  A tengu conjurer (D:14)
  A harpy zombie (D:13)
  2 polar bears
  3 trolls
  5 tyrant leeches
  12 hippogriffs
  A two-headed ogre (D:14)
  2 hornet zombies (D:15)
  5 dream sheep (Lair:6)
  20 blink frogs
  Sigmund (D:4)
  A water elemental (D:15)
  A yak (shapeshifter) (D:15)
  A tarantella (shapeshifter) (D:14)
  2 wyverns
  4 wraiths
  3 shadows (D:12)
  54 yaks
  A human (D:7)
  A vampire (D:11)
  A golden eye (D:10)
  3 hogs (D:7)
  3 steam dragons (Lair:6)
  2 hungry ghosts
  3 basilisks
  The ghost of wazuzu the Twirler, an amateur DsGl (D:3)
  A spatial vortex (D:2)
  6 nagas (Snake:1)
  A warg (Orc:1)
  A water moccasin (shapeshifter) (D:2)
  3 mottled dragons
  15 water moccasins
  3 large abominations (Abyss:2)
  3 hell hounds (Abyss:2)
  3 swamp drakes (Lair:6)
  5 porcupines
  29 orc warriors
  5 sky beasts
  3 black bears
  4 ice beasts
  6 wasps (Lair:6)
  An eye of draining (D:12)
  18 ogres
  3 centaurs
  2 necrophages
  4 phantoms
  18 wolves
  17 crocodiles
  5 big kobolds
  A wyvern zombie (D:9)
  11 bullfrogs
  A wyvern skeleton (D:9)
  7 scorpions
  20 killer bees
  11 wights
  2 electric eels
  6 howler monkeys
  10 crimson imps
  2 quasits
  4 bullfrog zombies
  7 centaur skeletons
  11 hounds
  2 gnoll shamans
  16 orc wizards
  4 jellies
  Crazy Yiuf (D:7)
  4 bullfrog skeletons
  21 orc priests
  10 worker ants
  12 iguanas
  3 yak simulacra (Lair:3)
  3 polar bear simulacra (Lair:3)
  2 wolf simulacra (Lair:3)
  A hound zombie (D:5)
  A mummy (D:11)
  Robin (D:4)
  10 gnolls
  25 adders
  23 river rats
  6 shadow imps
  5 oozes
  3 adder skeletons
  8 worms
  3 dart slugs
  9 leopard geckos
  88 orcs
  2 ball pythons (D:3)
  8 bats
  6 giant cockroaches
  17 hobgoblins
  15 jackals
  30 kobolds
  3 quokkas
  7 frilled lizards
  17 goblins
  A jackal zombie (D:7)
  2 quokka skeletons
  7 rats
  3 river rat simulacra (Lair:3)
884 creatures vanquished.

Vanquished Creatures (collateral kills)
  An orc warlord (Orc:2)
  The ghost of ilikecats the Bludgeoner, a novice MiMo of Hepliaklqana (D:10)
  A deep troll (shapeshifter) (D:9)
  An orc sorcerer (Orc:1)
  A rime drake (Orc:2)
  A wraith (D:9)
  A floating eye (shapeshifter) (Orc:2)
  An orc warrior (Orc:2)
  A porcupine (Lair:3)
  A phantom (D:9)
  A bullfrog (D:10)
  An orc wizard (D:6)
  A hound (D:10)
  An adder (D:6)
  3 orcs
  2 kobolds (D:10)
19 creatures vanquished.

Vanquished Creatures (others)
  A fire giant (D:14)
  A naga warrior (Snake:1)
  An anaconda (Snake:1)
  The ghost of Torious the Destroyer, a journeyman DECj of Sif Muna (D:12)
  An orc high priest (Orc:2)
  A komodo dragon (Lair:2)
  An iguana (Lair:6)
  A river rat (Lair:6)
  3 fulminant prisms (D:12)
  14 fungi
  30 plants
  2 starspawn tentacles (Snake:1)
  A withered plant (D:11)
58 creatures vanquished.

Grand Total: 961 creatures vanquished

Notes
Turn   | Place    | Note
-------+----------+-------------------------------------------
     0 | D:1      | Saways the Mummy Fighter began the quest for the Orb.
     0 | D:1      | Reached XP level 1. HP: 18/18 MP: 1/1
    95 | D:1      | Reached XP level 2. HP: 24/24 MP: 2/2
   150 | D:1      | Reached skill level 2 in Long Blades
   527 | D:2      | Found a burning altar of Makhleb.
   527 | D:2      | Found a shattered altar of Ashenzari.
   566 | D:2      | Reached XP level 3. HP: 28/29 MP: 3/3
   782 | D:2      | Found a shadowy altar of Dithmenos.
  1239 | D:2      | Reached XP level 4. HP: 13/35 MP: 4/4
  1676 | D:3      | Reached XP level 5. HP: 41/41 MP: 5/5
  1920 | D:3      | Noticed wazuzu's ghost (amateur DsGl)
  2538 | D:3      | Reached skill level 3 in Long Blades
  2538 | D:3      | Reached XP level 6. HP: 33/47 MP: 6/6
  3252 | D:4      | Found a staircase to the Ecumenical Temple.
  3375 | Temple   | Entered the Ecumenical Temple
  3381 | Temple   | Became a worshipper of Xom of Chaos
  3411 | D:4      | Found a blossoming altar of Fedhas.
  3413 | D:4      | Noticed Sigmund
  3444 | D:4      | Killed Sigmund
  3444 | D:4      | Reached skill level 4 in Long Blades
  3444 | D:4      | Reached skill level 1 in Dodging
  3444 | D:4      | Reached XP level 7. HP: 37/52 MP: 7/7
  3577 | D:4      | Found Vitreatu's Jewellery Shop.
  3752 | D:4      | XOM: divination: magic mapping
  3775 | D:4      | Noticed Robin
  3784 | D:4      | You fall through a shaft for 2 floors!
  3810 | D:5      | Entered Level 5 of the Dungeon
  3908 | D:5      | XOM: potion effect (might)
  4039 | D:5      | Reached skill level 5 in Long Blades
  4039 | D:5      | Reached XP level 8. HP: 58/60 MP: 8/8
  4114 | D:4      | Killed Robin
  4285 | D:5      | Found Poveramy's Magic Scroll Emporium.
  4288 | D:5      | Bought a scroll of teleportation for 42 gold pieces
  4288 | D:5      | Bought a scroll of teleportation for 42 gold pieces
  4385 | D:5      | Got a brightly glowing robe
  4396 | D:5      | Identified the +0 robe "Pocurch" {rC- Str+7 Int+2 SInv} (You found it on level 5 of the Dungeon)
  4457 | D:5      | Found a white marble altar of Elyvilon.
  4708 | D:5      | XOM: god gift: ring mail {god gift}
  4740 | D:5      | Reached skill level 6 in Long Blades
  4794 | D:5      | XOM: divination: detect creatures
  5554 | D:6      | XOM: mild Tloc miscast
  5608 | D:6      | XOM: noise
  5690 | D:6      | Noticed kae's ghost (novice FoFi)
  5691 | D:6      | XOM: cast spell 'Dispersal'
  5696 | D:6      | XOM: 1-stop teleportation journey
  5762 | D:6      | XOM: scenery: create altars
  5882 | D:6      | XOM: cast spell 'Summon Hydra'
  5883 | D:6      | Reached skill level 5 in Fighting
  5883 | D:6      | Reached skill level 7 in Long Blades
  6076 | D:6      | XOM: divine lightning (protected)
  6081 | D:6      | Killed kae's ghost
  6081 | D:6      | Reached XP level 9. HP: 41/68 MP: 9/9
  6179 | D:6      | XOM is BORED!
  6226 | D:6      | XOM: god gift: scroll of fear
  6233 | D:7      | XOM: swap monsters
  6284 | D:7      | XOM: noise
  6339 | D:7      | XOM: silly message
  6524 | D:7      | Got a brightly glowing mace
  6525 | D:7      | Identified the cursed +1 mace "Vume" {freeze, MR+} (You found it on level 7 of the Dungeon)
  6718 | D:7      | XOM: scenery: create altars
  6724 | D:7      | Reached skill level 5 in Armour
  6819 | D:7      | XOM: harmless Summ miscast
  6897 | D:7      | Found a runed door.
  6930 | D:7      | Noticed Crazy Yiuf
  6937 | D:7      | Killed Crazy Yiuf
  7062 | D:7      | XOM: enchant monster (bad)
  7072 | D:7      | Reached skill level 8 in Long Blades
  7076 | D:7      | XOM: noise
  7077 | D:7      | XOM: potion effect (experience)
  7077 | D:7      | Reached skill level 9 in Long Blades
  7077 | D:7      | Reached skill level 5 in Dodging
  7077 | D:7      | Reached XP level 10. HP: 70/80 MP: 10/10
  7219 | D:8      | Found a staircase to the Lair.
  7227 | D:8      | XOM: divination: magic mapping
  7371 | D:8      | XOM: divination: detect items
  7388 | D:8      | XOM: polymorph crimson imp -> shadow imp
  7394 | D:8      | XOM: enchant monster (bad)
  7722 | D:8      | Found a glowing golden altar of the Shining One.
  7823 | D:8      | XOM: summons 2 hostile shadow creatures
  7866 | D:9      | XOM: mild Divn miscast
  7942 | D:9      | Found a staircase to the Orcish Mines.
  7960 | D:9      | Found a radiant altar of Vehumet.
  8203 | D:9      | XOM: harmless Tloc miscast
  8239 | D:9      | XOM: blink monster(s)
  8350 | D:10     | Entered Level 10 of the Dungeon
  8357 | D:10     | Noticed Psyche
  8361 | D:10     | XOM: confusion (+ monsters)
  8376 | D:10     | Killed Psyche
  8376 | D:10     | Reached skill level 10 in Long Blades
  8390 | D:10     | XOM: polymorph water moccasin -> golden eye
  8397 | D:10     | XOM: swap monsters
  8410 | D:10     | Reached XP level 11. HP: 79/86 MP: 11/11
  8443 | D:10     | Noticed Josephine
  8446 | D:10     | Noticed Josephine
  8446 | D:10     | Josephine changed into Josephine the great orb of eyes
  8446 | D:10     | XOM: polymorph Josephine -> Josephine the great orb of eyes
  8447 | D:10     | XOM: silly message
  8453 | D:10     | Josephine the great orb of eyes changed into Josephine the tyrant leech
  8458 | D:10     | XOM: blink monster(s)
  8644 | D:10     | XOM: summons 3 friendly demons
  8974 | D:10     | XOM: harmless Divn miscast
  8985 | D:10     | XOM: harmless Conj miscast
  8988 | D:10     | XOM: god gift: beef jerky
  8997 | D:9      | XOM: summons friendly white imp
  9000 | D:9      | XOM: polymorph white imp -> quasit
  9037 | D:10     | Noticed Josephine
  9037 | D:10     | Josephine the snapping turtle changed into Josephine the deep troll
  9037 | D:10     | XOM: polymorph Josephine the snapping turtle -> Josephine the deep troll
  9053 | D:10     | XOM: cleaving
  9056 | D:9      | XOM: summons 11 friendly demons
  9066 | D:9      | Killed Josephine the deep troll
  9243 | D:10     | XOM: 1-stop teleportation journey
  9250 | D:10     | XOM: divination: magic mapping
  9296 | D:10     | Noticed ilikecats's ghost (novice MiMo)
  9309 | D:10     | XOM: cleaving
  9326 | D:10     | XOM: scenery: create altars
  9448 | D:10     | XOM: summons 5 friendly demons
  9455 | D:10     | Killed ilikecats's ghost
  9519 | D:10     | XOM: divination: magic mapping
  9588 | D:11     | Noticed a centaur warrior
  9605 | D:11     | XOM: scenery: create altars
  9619 | D:11     | Noticed a six-headed hydra
  9620 | D:11     | Killed a centaur warrior
  9697 | D:10     | XOM: harmless Tmut miscast
 10139 | D:12     | XOM: 1-stop teleportation journey
 10141 | D:12     | XOM: summons 4 hostile shadow creatures
 10145 | D:12     | XOM: silly message
 10176 | D:12     | XOM: blink monster(s)
 10596 | D:12     | XOM: 1-stop teleportation journey
 10727 | D:12     | Noticed a green ugly thing
 10745 | D:12     | Killed a red ugly thing
 10911 | D:12     | Reached skill level 11 in Long Blades
 10911 | D:12     | Reached skill level 1 in Evocations
 10990 | D:12     | XOM: silly message
 11025 | D:12     | Noticed an unseen horror
 11027 | D:12     | Killed an unseen horror
 11207 | D:12     | Noticed Torious's ghost (journeyman DECj)
 11216 | D:12     | XOM: noise
 11224 | D:13     | Noticed a red ugly thing
 11224 | D:13     | Noticed a brown ugly thing
 11224 | D:13     | Noticed a centaur warrior
 11224 | D:13     | Noticed a hill giant
 11229 | D:13     | Noticed a deep elf mage
 11229 | D:13     | XOM: silly message
 11234 | D:13     | Noticed a deep elf mage
 11234 | D:13     | a deep elf mage changed into a floating eye
 11234 | D:13     | XOM: polymorph deep elf mage -> floating eye
 11235 | D:13     | Noticed a lindwurm
 11235 | D:13     | a floating eye changed into a lindwurm
 11244 | D:13     | XOM: summons friendly crimson imp
 11259 | D:13     | Noticed a centaur warrior
 11299 | D:13     | XOM: god gift: 12 gold pieces
 11324 | D:13     | XOM: medium Pois miscast
 11355 | D:13     | XOM: fog
 11435 | D:13     | XOM: mild Hex miscast
 11488 | D:13     | XOM: mild Chrm miscast
 11535 | D:13     | XOM: enchant monster (good)
 11629 | D:12     | XOM: fog
 11685 | D:12     | Noticed Rupert
 11687 | D:12     | XOM: summons 3 friendly demons
 11810 | D:12     | XOM: god gift: heavily runed marble ring {god gift}
 11813 | D:12     | Got a heavily runed marble ring {god gift}
 11815 | D:12     | Identified the ring of Deuvvee {rC+ Int+3} (Xom gifted it to you on level 12 of the Dungeon)
 12062 | D:11     | XOM: 9-stop teleportation journey
 12100 | D:10     | XOM: god gift: sapphire potion {god gift}
 12269 | D:4      | Bought the ring of the Ant {*Contam rF+ rC- AC+4 Dex+6} for 550 gold pieces
 12319 | D:3      | Killed wazuzu's ghost
 12746 | D:1      | XOM: god gift: 20 gold pieces
 12755 | D:1      | XOM: cast spell 'Summon Butterflies'
 12807 | D:1      | XOM: silly message
 12919 | D:1      | XOM: divination: detect creatures
 14593 | D:1      | XOM: silly message
 15326 | D:1      | XOM: summons 5 hostile demons
 15690 | D:1      | XOM: scenery: create altars
 16050 | D:1      | XOM: scenery: create altars
 16342 | D:1      | XOM: mild Air miscast
 16845 | D:1      | XOM: noise
 17022 | D:1      | XOM: harmless Divn miscast
 17246 | D:1      | XOM: summons 5 hostile demons
 17555 | D:2      | XOM: scenery: create altars
 17600 | D:1      | XOM: scenery: create altars
 17655 | D:1      | XOM is BORED!
 17655 | D:1      | Noticed a lindwurm
 17655 | D:1      | XOM: polymorph something unseen -> lindwurm
 17904 | D:1      | Killed a lindwurm
 18611 | D:1      | XOM: cast spell 'Summon Butterflies'
 19012 | D:1      | XOM: cloud trail
 19131 | D:1      | XOM: smoke on damage
 19204 | D:1      | XOM: god gift: scroll labeled VUENAE KIJET {god gift}
 19283 | D:1      | XOM: harmless Chrm miscast
 19630 | D:1      | XOM: cloud trail
 20148 | D:1      | XOM: cast spell 'Summon Butterflies'
 20345 | D:1      | XOM: harmless Pois miscast
 20589 | D:1      | XOM is BORED!
 20674 | D:1      | XOM: god gift: blowgun {god gift}
 20696 | D:1      | XOM: mild Chrm miscast
 21581 | D:1      | XOM: mild Erth miscast
 22130 | D:1      | XOM: summons 3 hostile shadow creatures
 22131 | D:1      | Noticed a tengu reaver
 22270 | D:2      | XOM: noise
 23084 | D:1      | XOM: harmless Hex miscast
 23111 | D:1      | XOM: confusion
 23129 | D:2      | XOM: mild Air miscast
 23232 | D:3      | XOM: 8-stop teleportation journey
 23701 | D:3      | XOM: summons 4 hostile demons
 24119 | D:1      | XOM: mild Conj miscast
 24143 | D:1      | XOM is BORED!
 24732 | D:1      | Noticed a fire giant
 24951 | D:3      | XOM: summons 1 hostile demon
 25229 | D:2      | XOM: summons 1 hostile shadow creature
 25294 | D:2      | XOM: scenery: create altars
 25360 | D:2      | XOM: god gift: lamp of fire
 25781 | D:2      | XOM: scenery: create altars
 25909 | D:2      | XOM is BORED!
 25909 | D:2      | XOM: severe Tmut miscast
 26129 | D:2      | XOM: stat loss: -1 Int (5/8)
 28324 | D:2      | XOM: summons 5 hostile demons
 28485 | D:2      | XOM: god gift: murky yellow potion {god gift}
 28805 | D:2      | XOM: summons 3 hostile shadow creatures
 28911 | D:2      | XOM is BORED!
 28911 | D:2      | XOM: mild Summ miscast
 29358 | D:2      | XOM: divination: detect creatures
 30188 | D:2      | XOM: divination: detect creatures
 30818 | D:2      | XOM: scenery: create altars
 30931 | D:2      | XOM: god gift: long smoking rod {god gift}
 31498 | D:2      | XOM: scenery: create altars
 31557 | D:2      | XOM: summons 2 hostile shadow creatures
 32335 | D:2      | XOM: summons 2 hostile shadow creatures
 32554 | D:2      | XOM: severe Divn miscast
 32559 | D:2      | XOM: harmless Conj miscast
 32762 | D:2      | XOM is BORED!
 32762 | D:2      | XOM: summons 2 hostile demons
 33612 | D:2      | XOM: harmless Fire miscast
 33754 | D:2      | XOM: summons 2 hostile shadow creatures
 33755 | D:2      | Noticed a four-headed hydra
 34061 | D:2      | XOM: harmless Chrm miscast
 34842 | D:2      | XOM: cloud trail
 35169 | D:2      | XOM: noise
 35343 | D:2      | XOM: divination: magic mapping
 37730 | D:2      | XOM: mild Divn miscast
 37962 | D:2      | XOM is BORED!
 37962 | D:2      | XOM: summons 1 hostile demon
 38169 | D:2      | Noticed a wolf spider
 38171 | D:2      | XOM: cast spell 'Chain of Chaos'
 38175 | D:2      | Killed a wolf spider
 38175 | D:2      | Reached XP level 12. HP: 87/95 MP: 13/13
 39144 | D:2      | XOM: medium Summ miscast
 39291 | D:2      | XOM: mild Conj miscast
 39292 | D:2      | XOM: cloud trail
 39543 | D:2      | XOM: cast spell 'Summon Butterflies'
 39672 | D:2      | XOM: summons 2 hostile demons
 40611 | D:2      | XOM: mild Tloc miscast
 40690 | D:2      | XOM: god gift: sharpened ivory wand {god gift}
 41864 | D:2      | XOM is BORED!
 41864 | D:2      | XOM: mild Air miscast
 42095 | D:2      | XOM: divination: detect items
 42127 | D:2      | XOM: mild Divn miscast
 42235 | D:2      | XOM: silly message
 43023 | D:2      | XOM: harmless Ice miscast
 43655 | D:2      | XOM: medium Divn miscast
 43813 | D:2      | XOM: god gift: embroidered hat {god gift}
 44410 | D:2      | XOM: cloud trail
 44642 | D:2      | XOM: god gift: thin glowing staff {god gift}
 44845 | Orc:1    | Entered Level 1 of the Orcish Mines
 44845 | Orc:1    | Found a radiant altar of Vehumet.
 45365 | D:9      | XOM: cloud trail
 45562 | Orc:1    | XOM: summons friendly iron imp
 45624 | Orc:2    | Entered Level 2 of the Orcish Mines
 45634 | Orc:2    | Noticed Donald
 45636 | Orc:2    | XOM: summons friendly iron imp
 45656 | D:9      | XOM: summons 6 hostile demons
 45743 | D:10     | XOM is BORED!
 45743 | D:10     | XOM: summons 2 hostile shadow creatures
 45768 | D:9      | XOM: cloud trail
 46098 | Lair:1   | Entered Level 1 of the Lair of Beasts
 46648 | Lair:1   | XOM: 1-stop teleportation journey
 46753 | Lair:1   | XOM: scenery: 1 doors close
 46760 | Lair:1   | XOM: god gift: rapier {god gift}
 46866 | Lair:2   | XOM: harmless Conj miscast
 46869 | Lair:2   | XOM: cleaving
 46962 | Lair:2   | XOM: divine lightning
 47277 | Lair:2   | XOM: god gift: pair of boots {god gift}
 47379 | Lair:2   | Found a staircase to the Swamp.
 47422 | Lair:2   | Noticed an eight-headed hydra
 47546 | Lair:3   | XOM: 1-stop teleportation journey
 47600 | Lair:3   | XOM: fake destruction
 47660 | Lair:4   | XOM: 2-stop teleportation journey
 48015 | Lair:4   | XOM: enchant monster (good)
 48026 | Lair:4   | XOM: fog
 48183 | Lair:3   | XOM: cleaving
 48254 | Lair:3   | XOM: fog
 48344 | Lair:4   | XOM: god gift: small marble ring {god gift}
 48453 | Lair:4   | XOM: god gift: 18 stones
 48546 | Lair:3   | XOM: summons 12 friendly demons
 48734 | Lair:3   | XOM: cast spell 'Shadow Creatures'
 48810 | Lair:3   | XOM: summons 6 friendly demons
 48884 | Lair:3   | Reached skill level 10 in Fighting
 48893 | Lair:3   | XOM: harmless Chrm miscast
 49014 | Lair:3   | XOM: 1-stop teleportation journey
 49109 | D:7      | XOM: god gift: scale mail {god gift}
 49295 | D:2      | XOM: 3-stop teleportation journey
 49460 | D:2      | XOM: god gift: ruby potion {god gift}
 49571 | D:2      | XOM is BORED!
 49571 | D:2      | XOM: noise
 50303 | D:2      | XOM is BORED!
 50303 | D:2      | XOM: mild Tmut miscast
 50915 | D:2      | XOM: cloud trail
 51078 | D:2      | XOM: summons 3 hostile shadow creatures
 52025 | D:2      | XOM: god gift: runed scimitar {god gift}
 52089 | D:2      | XOM: god gift: scroll of teleportation
 52470 | D:2      | XOM: god gift: quarterstaff {god gift}
 52500 | D:2      | XOM: harmless Hex miscast
 52869 | D:2      | XOM: god gift: 1240 gold pieces
 53232 | D:2      | XOM: god gift: sapphire potion {god gift}
 53600 | D:2      | XOM is BORED!
 53600 | D:2      | XOM: summons 3 hostile demons
 54236 | D:2      | XOM: mild Ice miscast
 55160 | D:2      | XOM: harmless Divn miscast
 56598 | D:2      | XOM is BORED!
 56598 | D:2      | XOM: mild Erth miscast
 57341 | D:2      | XOM: cloud trail
 57812 | D:2      | XOM: mild Summ miscast
 58636 | D:2      | XOM is BORED!
 58636 | D:2      | XOM: medium Pois miscast
 59778 | D:2      | XOM: summons 4 hostile demons
 61106 | D:2      | XOM: mild Hex miscast
 61128 | D:2      | XOM: stat loss: -1 Dex (20/21)
 61129 | D:2      | XOM: medium Fire miscast
 61144 | D:2      | XOM is BORED!
 61144 | D:2      | XOM: summons 1 hostile demon
 61877 | D:2      | XOM: divination: detect creatures
 62384 | D:2      | XOM: cloud trail
 62428 | D:2      | XOM: god gift: large coral ring {god gift}
 62516 | D:2      | XOM: god gift: 24 arrows
 62601 | D:2      | XOM: 2-stop teleportation journey
 62856 | D:2      | XOM: god gift: scale mail {god gift}
 62908 | D:2      | XOM: harmless Air miscast
 62990 | D:2      | XOM: severe Divn miscast
 63098 | D:2      | XOM: harmless Chrm miscast
 63321 | D:2      | XOM: mild Tmut miscast
 63931 | D:2      | XOM: medium Fire miscast
 64317 | D:2      | XOM: god gift: hunting sling {god gift}
 64593 | D:2      | XOM: scenery: create altars
 64739 | D:2      | XOM: stat loss: -1 Int (3/8)
 66039 | D:2      | XOM is BORED!
 66039 | D:2      | XOM: severe Hex miscast
 66406 | D:2      | XOM: mild Divn miscast
 66484 | D:2      | XOM: severe Conj miscast
 67211 | D:5      | Bought a scroll of recharging for 133 gold pieces
 67211 | D:5      | Bought a scroll of identify for 28 gold pieces
 67211 | D:5      | Bought a scroll of identify for 28 gold pieces
 67243 | D:4      | Bought an uncursed amulet of regeneration for 330 gold pieces
 67523 | Orc:2    | XOM: summons friendly crimson imp
 67561 | Orc:2    | XOM: potion effect (heal wounds)
 67574 | Orc:2    | XOM: polymorph rime drake -> human
 67583 | Orc:2    | XOM: cleaving
 67613 | Orc:2    | Noticed a ghost crab
 67613 | Orc:2    | a hornet changed into a ghost crab
 67618 | Orc:2    | XOM: confuse monster(s)
 67621 | Orc:2    | a ghost crab changed into a deep troll
 67657 | Orc:2    | Found a staircase to the Elven Halls.
 67658 | Orc:2    | Noticed Erolcha
 67678 | Orc:2    | Killed Erolcha
 67678 | Orc:2    | Reached skill level 12 in Long Blades
 67766 | Orc:2    | Found a roughly hewn altar of Beogh.
 67814 | Orc:2    | Found a roughly hewn altar of Beogh.
 67921 | Orc:2    | Found a roughly hewn altar of Beogh.
 67968 | Orc:2    | Found a roughly hewn altar of Beogh.
 68121 | Orc:2    | XOM: enchant monster (bad)
 68172 | Orc:2    | XOM: cloud trail
 68185 | Orc:2    | Noticed an orc high priest
 68211 | Orc:2    | Killed an orc high priest
 68427 | Orc:2    | XOM: divination: detect creatures
 68677 | Orc:2    | XOM: summons friendly quasit
 68850 | Orc:2    | Noticed an orc warlord
 69077 | Orc:1    | XOM: harmless Chrm miscast
 69081 | Orc:1    | Gained mutation: You are in touch with the powers of death. [Mummy growth]
 69081 | Orc:1    | Reached XP level 13. HP: 90/104 MP: 14/14
 69175 | Orc:1    | XOM: mild Pois miscast
 69192 | Orc:2    | XOM: confuse monster(s)
 69234 | Orc:2    | XOM: cast spell 'Call Canine Familiar'
 69238 | Orc:2    | Killed an orc warlord
 69300 | Orc:2    | XOM: enchant monster (bad)
 69301 | Orc:2    | XOM: cast spell 'Summon Small Mammal'
 69388 | Orc:2    | Found a roughly hewn altar of Beogh.
 69476 | Orc:2    | Found Fithamni's Distillery.
 69497 | Orc:2    | Found a roughly hewn altar of Beogh.
 69499 | Orc:2    | Found Tyergh's Assorted Antiques.
 69511 | Orc:2    | Bought a pitted bone ring for 160 gold pieces
 69512 | Orc:2    | Identified the ring "Cimoy" {rF++ rC+ MR- Int+4 Stlth+} (You bought it in a shop on level 2 of the Orcish Mines)
 69550 | Orc:2    | XOM: harmless Air miscast
 69555 | Orc:2    | XOM: noise
 69585 | Orc:2    | Found a roughly hewn altar of Beogh.
 69645 | Orc:2    | XOM: silly message
 69760 | Orc:2    | Found Bisam's Antique Armour Shop.
 69761 | Orc:2    | Found a roughly hewn altar of Beogh.
 69762 | Orc:2    | Found Sias's Antique Weapon Boutique.
 69769 | Orc:2    | Bought a glowing demon blade for 435 gold pieces
 69775 | Orc:2    | Bought a polished scale mail for 243 gold pieces
 69785 | Orc:2    | Identified the +6 scale mail of the Commoners {rPois rF+ MP+9 Int-3} (You bought it in a shop on level 2 of the Orcish Mines)
 69897 | D:9      | Killed Donald
 69986 | D:9      | Got a faintly humming shield
 69997 | D:9      | Identified the cursed +0 shield of the Vestibule of Hell {-Tele Slay+4} (You took it off Donald on level 9 of the Dungeon)
 70084 | Orc:2    | Bought a glowing ivory ring for 160 gold pieces
 70084 | Orc:2    | Bought a glass ring for 160 gold pieces
 70149 | D:8      | XOM: mild Summ miscast
 70258 | D:5      | Bought a scroll of silence for 105 gold pieces
 70258 | D:5      | Bought a scroll of remove curse for 42 gold pieces
 70258 | D:5      | Bought a scroll of identify for 28 gold pieces
 70258 | D:5      | Bought a scroll of enchant armour for 105 gold pieces
 70377 | D:5      | XOM: summons 6 hostile demons
 70540 | D:1      | Killed a fire giant
 70665 | D:1      | XOM: medium Hex miscast
 71728 | D:1      | XOM: summons 2 hostile shadow creatures
 71931 | D:1      | XOM: mild Chrm miscast
 71951 | D:1      | XOM: summons 2 hostile demons
 72104 | D:1      | XOM: noise
 72718 | D:1      | XOM is BORED!
 72718 | D:1      | XOM: noise
 73768 | D:1      | XOM: harmless Pois miscast
 73794 | D:1      | XOM is BORED!
 73794 | D:1      | XOM: mild Pois miscast
 74127 | D:1      | XOM: divination: detect items
 74270 | D:1      | XOM: god gift: 31 gold pieces
 74955 | D:1      | XOM: summons 3 hostile shadow creatures
 74963 | D:1      | XOM: mild Conj miscast
 75289 | D:1      | XOM: mild Fire miscast
 76277 | D:1      | XOM: mild Tmut miscast
 76525 | D:1      | XOM: noise
 76882 | D:1      | XOM: cloud trail
 77250 | D:1      | XOM: harmless Divn miscast
 78181 | D:1      | Cast into level 2 of the Abyss (Xom)
 78181 | Abyss:2  | Found a corrupted altar of Lugonu.
 78342 | Abyss:2  | Found a corrupted altar of Lugonu.
 78433 | Abyss:2  | XOM: summons friendly crimson imp
 78439 | Abyss:2  | XOM: summons friendly white imp
 78564 | Abyss:2  | Found a corrupted altar of Lugonu.
 78581 | Abyss:2  | XOM: scenery: create altars
 78584 | Abyss:2  | Fell from the grace of Xom
 78584 | Abyss:2  | Became a worshipper of Lugonu the Unformed
 78584 | Abyss:2  | Reached * piety under Lugonu
 78585 | D:1      | Escaped the Abyss
 78980 | D:12     | Reached skill level 10 in Armour
 79001 | D:12     | Reached skill level 13 in Long Blades
 79035 | D:12     | XOM: mild Conj miscast
 79206 | D:12     | Killed Torious's ghost
 79477 | D:12     | Killed Rupert
 79606 | D:12     | XOM: summons 1 hostile shadow creature
 79740 | D:13     | XOM: polymorph hill giant -> tyrant leech
 79850 | D:13     | Noticed a stone giant
 79854 | D:13     | Noticed a shadow dragon
 79854 | D:13     | a stone giant changed into a shadow dragon
 79859 | D:13     | Noticed a sphinx
 79859 | D:13     | a shadow dragon changed into a sphinx
 79864 | D:13     | Killed a sphinx
 79912 | D:13     | Reached XP level 14. HP: 97/113 MP: 15/15
 79979 | D:13     | Found a gate to the Vaults.
 80182 | D:12     | XOM: noise
 80242 | D:11     | Reached ** piety under Lugonu
 80922 | D:14     | XOM: summons 3 hostile shadow creatures
 81101 | D:14     | Reached skill level 14 in Long Blades
 81316 | D:14     | XOM: noise
 81467 | D:14     | XOM: summons 5 hostile demons
 81578 | D:14     | Found a runed door.
 81578 | D:14     | Noticed a storm dragon
 81578 | D:14     | Noticed a fire giant
 81580 | D:14     | Noticed a fire giant
 81580 | D:14     | Noticed a tengu reaver
 81580 | D:14     | Noticed a tengu reaver
 81663 | D:14     | XOM: summons 3 hostile shadow creatures
 81704 | D:14     | Reached *** piety under Lugonu
 81951 | D:15     | Entered Level 15 of the Dungeon
 82025 | D:15     | HP: 5/115 [hill giant/giant spiked club (20)]
 82606 | D:15     | Found a staircase to the Depths.
 82707 | D:15     | XOM: noise
 82843 | D:14     | XOM: medium Chrm miscast
 82885 | D:14     | Killed a tengu reaver
 82896 | D:14     | Killed a fire giant
 82896 | D:14     | Reached skill level 1 in Invocations
 83091 | D:14     | XOM: silly message
 83216 | D:9      | XOM: mild Pois miscast
 83324 | Lair:2   | Reached **** piety under Lugonu
 83773 | Lair:2   | XOM: noise
 83935 | Lair:2   | XOM: mild Hex miscast
 84617 | Lair:4   | XOM: medium Summ miscast
 84783 | Lair:4   | XOM: mild Conj miscast
 84818 | Lair:4   | Found a staircase to the Snake Pit.
 84831 | Lair:4   | Reached XP level 15. HP: 122/122 MP: 16/16
 84844 | Lair:4   | Reached ***** piety under Lugonu
 85018 | Lair:4   | Found a sparkling altar of Nemelex Xobeh.
 85309 | Lair:4   | XOM: summons 10 hostile demons
 86505 | Lair:6   | Entered Level 6 of the Lair of Beasts
 86540 | Lair:6   | Found a labyrinth entrance.
 86638 | Lab      | Entered a labyrinth
 86993 | Lab      | XOM: noise
 87016 | Lab      | Identified the Papyrus of Dusty Augmentations
 87103 | Lair:6   | Found a staircase to the Slime Pits.
 87739 | Lair:6   | Reached skill level 15 in Long Blades
 87807 | Lair:6   | XOM: polymorph wasp -> mottled dragon
 87826 | Lair:6   | Found a runed door.
 87830 | Lair:6   | Got a crude steel amulet
 88238 | Lair:6   | XOM: enchant monster (good)
 88285 | Lair:6   | Reached ****** piety under Lugonu
 88406 | Lair:6   | Identified the amulet "Kebucy Qek" {*Contam +Rage rF+ Dex+4} (You found it on level 6 of the Lair of Beasts)
 88408 | Lair:6   | XOM: medium Hex miscast
 88420 | Lair:6   | XOM: god gift: leather armour {god gift}
 88420 | Lair:6   | Was forgiven by Xom
 88993 | D:14     | Killed a tengu reaver
 89098 | D:14     | Corrupted D:14
 89103 | D:14     | Killed a storm dragon
 89111 | D:14     | Killed a fire giant
 89175 | D:14     | Identified the Catalogue of the Battered Wishes
 89181 | D:14     | Got a pair of blackened gloves
 89187 | D:14     | Identified the +0 pair of gloves of Rotation {-Cast rPois Dex-5 Slay+5} (You found it on level 14 of the Dungeon)
 89189 | D:14     | Got a distressingly furry leather armour
 89200 | D:14     | Identified the cursed +0 leather armour "Xadghovex" {-Tele rF- rC+ Dex+9} (You found it on level 14 of the Dungeon)
 89488 | D:4      | Bought the ring "Hevae" {rElec rF+ rC+} for 506 gold pieces
 89703 | Snake:1  | Entered Level 1 of the Snake Pit
 89764 | Snake:1  | Noticed a greater naga
 89780 | Snake:1  | Killed a greater naga
 89817 | Snake:1  | Reached skill level 5 in Invocations
 89842 | Snake:1  | Reached XP level 16. HP: 129/133 MP: 19/19
 90128 | Snake:1  | Corrupted Snake:1
 90128 | Snake:1  | Noticed a tentacled starspawn
 90133 | Snake:1  | Noticed a bone dragon
 90136 | Snake:1  | HP: 6/133 [vampire mosquito[Lugonu's corruption] (4)]
 90136 | Snake:1  | Slain by a starcursed mass

Vault maps used:
D:1:      lightli_arrival_statue_moat
D:2:      gammafunk_temple_overflow_pools, nicolae_dithmenos_shadow_blocks
D:4:      lemuel_crystal_altar, serial_shops, shop, minmay_joined_circles,
          uniq_sigmund, uniq_robin
D:5:      kennysheep_spiral_hall, overflow_temple_1_default, serial_shops, shop,
          first_bread
D:6:      minmay_misc_feat_rows, st_stairs_6
D:7:      grunt_livestock, uniq_crazy_yiuf_cottage
D:8:      lair_0_dummy, tso_altar
D:9:      old_standard_altar, orc_0_dummy
D:10:     uniq_josephine, uniq_psyche
D:11:     serial_undead, serial_undead_b, serial_undead_e, serial_undead_b,
          serial_undead_e
D:12:     uniq_rupert
D:13:     david_vaults_2
D:14:     minmay_gate_of_8, corexii_hall_statues_t
D:15:     hangedman_depths_entry_civil_slaughter, hangedman_decor_riveting
Temple:   nicolae_temple_x_marks_the_god
Lair:2:   swamp_mist, grunt_megastairs_5
Lair:3:   eino_house_with_fridge, grunt_megastairs_1, serial_bayou_shore_b,
          serial_bayou_shore_a
Lair:4:   minmay_snake_entry_six_corridors, lemuel_oklob_altar,
          lemuel_fruit_fields
Lair:5:   infiniplex_staircase_pool_2
Lair:6:   wormcave, guppyfry_lair_end_dragon, nicolae_slime_entry_slimehenge,
          lab_entry_generic, wad_woods_river_02
Snake:1:  grunt_megastairs_2
Orc:1:    basic_altar
Orc:2:    grunt_orc_community_town_hall, grunt_orc_community_big_house_1,
          grunt_orc_community_big_house_2, grunt_orc_community_house_1,
          grunt_orc_community_house_2, grunt_orc_community_house_2,
          grunt_orc_community_house_1, grunt_orc_community_house_3,
          portal_ice_cave_entry_animals_and_master, library_closet, uniq_donald,
          uniq_erolcha
Lab:      labyrinth_spiral

Skill      XL: |  1  2  3  4  5  6  7  8  9 10 11 12 13 14 15 |
---------------+----------------------------------------------+-----
Long Blades    | 2 3 4 5 7 9 10 11 12 13 14 15 | 15.3
Shields        | 3 4 |  4.1
Armour         | 3 4 7 8 9 10 11 | 11.1
Dodging        | 1 2 5 6 7 8 |  8.7
Fighting       | 4 5 7 8 9 10 11 12 14 | 14.2
Evocations     | 1 2 |  2.3
Invocations    | 2 5 |  5.2

Action                   |  1- 3 |  4- 6 |  7- 9 | 10-12 | 13-15 | 16-18 || total
-------------------------+-------+-------+-------+-------+-------+-------++-------
Melee: Long sword        |   147 |       |       |       |       |       ||   147
       Falchion          |       |   173 |   354 |  2143 |   159 |       ||  2829
       Scimitar          |       |       |       |    25 |       |       ||    25
       Demon blade       |       |       |       |       |  1900 |    67 ||  1967
Invok: Depart the Abyss  |       |       |       |       |     1 |       ||     1
       Corrupt           |       |       |       |       |     1 |     1 ||     2
Evoke: Wand              |       |     3 |       |    20 |    13 |       ||    36
       Rod               |       |       |       |     2 |       |       ||     2
       Fan of gales      |       |       |       |     2 |       |       ||     2
       Lamp of fire      |       |       |       |     1 |     1 |       ||     2
  Use: Scroll            |       |     7 |     7 |    18 |    15 |     1 ||    48
 Stab: Distracted        |       |       |       |     3 |     1 |       ||     4
       Petrified         |       |       |       |    13 |       |       ||    13
       Petrifying        |       |       |       |     4 |       |       ||     4
       Invisible         |       |       |       |     3 |       |       ||     3
       Confused          |       |       |       |     1 |     1 |       ||     2
       Paralysed         |       |       |       |       |     3 |       ||     3
Armor: Scale mail        |    61 |    50 |    63 |   530 |   526 |    43 ||  1273
       Plate armour      |       |       |    61 |       |       |       ||    61
       Robe              |       |       |     3 |       |       |       ||     3
       Chain mail        |       |       |    23 |    68 |       |       ||    91
Dodge: Dodged            |    37 |    69 |   115 |   841 |   849 |    53 ||  1964
Block: Shield            |    43 |       |       |       |       |       ||    43
       Buckler           |    10 |    29 |   114 |   581 |   529 |    35 ||  1298
